 Dungeon Crawl Stone Soup version 0.27-a0-1555-g0e7b3fb1d2 (webtiles) character file.

Game seed: 13918881715903730388

2255 SolCadguy the Geomancer (level 9, -3/51 HPs)
             Began as a Gargoyle Earth Elementalist on July 15, 2021.
             Was a Follower of Sif Muna.
             Slain by a gargoyle (8 damage)
             ... on level 6 of the Dungeon.
             The game lasted 00:23:42 (7487 turns).

SolCadguy the Geomancer (GrEE)                      Turns: 7487, Time: 00:23:43

Health: -3/51      AC: 13    Str: 12    XL:     9   Next: 37%
Magic:  0/13       EV: 10    Int: 19    God:    Sif Muna [*.....]
Gold:   167        SH:  0    Dex: 10    Spells: 4/14 levels left

rFire    . . .     SeeInvis .   n - +2 quarterstaff (chaos)
rCold    . . .     Faith    .   (shield currently unavailable)
rNeg     + . .     Spirit   .   e - +0 ring mail
rPois    ∞         Reflect  .   (no helmet)
rElec    +         Harm     .   o - +0 cloak
rCorr    .         Rampage  .   (no gloves)
Will     +....                  (no boots)
Stlth    +.........             (no amulet)
HPRegen  0.17/turn              d - ring of willpower
MPRegen  0.13/turn              (no ring)

@: very slightly contaminated
A: sickness immunity, AC +6, negative energy resistance 1, electricity
resistance, torment resistance 1, petrification resistance
a: Renounce Religion, Channel Magic


You were on level 6 of the Dungeon.
You worshipped Sif Muna.
Sif Muna was aware of your devotion.
You visited 2 branches of the dungeon, and saw 7 of its levels.

You collected 167 gold pieces.

Inventory:

Hand Weapons
 i - a +2 vorpal hand axe
 n - a +2 quarterstaff of chaos (weapon)
 r - a +1 whip of electrocution
Missiles
 c - 126 stones
Armour
 b - a +1 robe
 e - a +0 ring mail (worn)
 o - a +0 cloak (worn)
Magical Staves
 j - a staff of cold
Jewellery
 d - a ring of willpower (left hand)
 v - a +4 ring of slaying
Wands
 h - a wand of paralysis (13)
Scrolls
 g - 2 scrolls of amnesia
 l - 3 scrolls of teleportation {unknown}
 m - 2 scrolls of blinking
 p - a scroll of enchant armour
 q - a scroll of identify
 s - a scroll of fear {unknown}
 t - 2 scrolls of fog
Potions
 a - a potion of brilliance
 f - 2 potions of might {unknown}
 k - a potion of mutation {unknown}
 u - a potion of degeneration {unknown}


   Skills:
 + Level 3.6 Fighting
 - Level 4.1(5.1) Maces & Flails
 + Level 4.6(5.4) Staves
 + Level 5.4 Armour
 - Level 1.5 Dodging
 - Level 2.1 Stealth
 + Level 3.2 Spellcasting
 - Level 4.8 Conjurations
 + Level 0.7 Transmutations
 - Level 8.0 Earth Magic


You had 4 spell levels left.
You knew the following spells:

 Your Spells              Type           Power      Damage    Failure   Level
a - Sandblast             Erth           66%        2d15      1%          1
b - Passwall              Tmut/Erth      15%        N/A       8%          2
c - Stone Arrow           Conj/Erth      54%        3d10      6%          3
d - Petrify               Tmut/Erth      19%        N/A       45%         4

Your spell library contained the following spells:

 Spells                   Type           Power      Damage    Failure   Level
 Shock                    Conj/Air       48%        1d6       11%         1
 Corona                   Hex            3%         N/A       30%         1
 Ensorcelled Hibernation  Hex/Ice        6%         N/A       43%         2
 Swiftness                Air            3%         N/A       67%         3
 Tukima's Dance           Hex            3%         N/A       67%         3
 Airstrike                Air            1%         N/A       97%         4


Dungeon Overview and Level Annotations

Branches:
Dungeon (6/15)             Temple (1/1) D:4

Altars:
Ashenzari
Cheibriados
Dithmenos
Elyvilon
Gozag
Hepliaklqana
Makhleb
Nemelex Xobeh
Okawaru
Qazlal
Ru
Sif Muna
Uskayaw
Vehumet
Wu Jian
Xom
The Shining One

Shops:
D:3 :   D:4 =


Innate Abilities, Weirdness & Mutations

You are immune to sickness and miasma.
Your stone body is resilient. (AC +6)
You are immune to poison.
You resist negative energy. (rN+)
You are resistant to electric shocks. (rElec)
You are resistant to unholy torment.
You are immune to petrification.


Message History

Aiming: Stone Arrow (dangerous; 6% risk of failure)
Press: ? - help, Shift-Dir - straight line, f/p - gargoyle
Aim: a gargoyle, wielding a +0 flail (severely damaged, 86% to hit)
You miscast Stone Arrow.
You are very lightly contaminated with residual magic.
Nothing appears to happen.
The gargoyle hits you with a +0 flail!
* * * LOW HITPOINT WARNING * * *
Casting: Stone Arrow (dangerous; 6% risk of failure)
Confirm with . or Enter, or press ? or * to list all spells.
Aiming: Sandblast (safe; 1% risk of failure)
Press: ? - help, Shift-Dir - straight line, f/p - gargoyle
Aim: a gargoyle, wielding a +0 flail (severely damaged, 91% to hit)
The blast of sand hits the gargoyle but does no damage.
The gargoyle is severely damaged.
The gargoyle hurls a stone arrow at you.
The stone arrow misses you.
Casting: Sandblast (safe; 1% risk of failure)
Confirm with . or Enter, or press ? or * to list all spells.
Aiming: Sandblast (safe; 1% risk of failure)
Press: ? - help, Shift-Dir - straight line, f/p - gargoyle
Aim: a gargoyle, wielding a +0 flail (severely damaged, 91% to hit)
The blast of sand hits the gargoyle but does no damage.
The gargoyle is severely damaged.
The gargoyle barely misses you.
Unknown command.
You are too injured to fight recklessly!
You are too injured to fight recklessly!
You are too injured to fight recklessly!
You hit the gargoyle but do no damage.
The gargoyle is severely damaged.
The gargoyle hits you with a +0 flail!
* * * LOW HITPOINT WARNING * * *
You hit the gargoyle but do no damage.
The gargoyle is severely damaged.
The gargoyle closely misses you.
You hit the gargoyle but do no damage.
The gargoyle resists with almost no effort.
The gargoyle is severely damaged.
The gargoyle hits you with a +0 flail!
You die...

...........#
#...........
...........#
...........#
...........
..........#
........9.#
.......$@.#
#........#
##......##
###....#
#....#
##...# ##..#
##.## #..###


You could see a gargoyle.

Vanquished Creatures
  Pikel (D:4)
  Grinder (D:3)
  A sky beast (D:6)
  An orc warrior (D:5)
  3 ogres
  2 phantoms
  2 scorpions (D:4)
  A bullfrog zombie (D:5)
  A bullfrog skeleton (D:5)
  A centaur skeleton (D:4)
  2 orc priests
  5 hounds (D:5)
  Crazy Yiuf (D:3)
  A jelly (D:4)
  An iguana (D:5)
  Natasha (thrice) (D:3)
  Terence (D:2)
  5 orc wizards
  A hound skeleton (D:4)
  Robin (D:3)
  7 gnolls
  7 adders
  An ufetubus (D:5)
  2 worms (D:4)
  3 dart slugs
  24 orcs
  6 ball pythons
  5 endoplasms
  3 giant cockroaches
  10 goblins
  14 hobgoblins
  4 jackals (D:2)
  2 quokkas
  3 bats
  2 frilled lizards
  4 kobolds
  6 rats
138 creatures vanquished.

Notes
Turn   | Place    | Note
-------+----------+-------------------------------------------
     0 | D:1      | SolCadguy the Gargoyle Earth Elementalist began the quest
                  | for the Orb.
     0 | D:1      | Reached XP level 1. HP: 10/10 MP: 3/3
   372 | D:1      | Reached skill level 1 in Maces & Flails
   372 | D:1      | Reached skill level 4 in Earth Magic
   372 | D:1      | Reached XP level 2. HP: 15/15 MP: 3/5
   375 | D:1      | Learned a level 2 spell: Passwall
   857 | D:1      | Reached XP level 3. HP: 13/19 MP: 4/6
  1508 | D:2      | Reached XP level 4. HP: 24/24 MP: 4/7
  1523 | D:2      | Reached skill level 5 in Earth Magic
  1640 | D:2      | Found a faded altar of an unknown god.
  1651 | D:2      | Learned a level 3 spell: Stone Arrow
  1969 | D:2      | Noticed Terence
  1975 | D:2      | Killed Terence
  1976 | D:2      | Reached XP level 5. HP: 18/28 MP: 1/8
  2106 | D:2      | Reached skill level 1 in Conjurations
  2562 | D:3      | Noticed Grinder
  2568 | D:3      | Killed Grinder
  2569 | D:3      | Reached skill level 6 in Earth Magic
  2569 | D:3      | Reached XP level 6. HP: 26/32 MP: 2/9
  2698 | D:3      | Found Hater's Book Shop.
  2828 | D:3      | Noticed Natasha
  2836 | D:3      | Killed Natasha
  3363 | D:3      | Noticed Natasha
  3370 | D:3      | Killed Natasha
  3371 | D:3      | Reached XP level 7. HP: 35/36 MP: 6/10
  3477 | D:3      | Found a runed translucent door.
  3478 | D:3      | Noticed Crazy Yiuf
  3542 | D:3      | Noticed Natasha
  3549 | D:3      | Killed Natasha
  3550 | D:3      | Reached skill level 1 in Armour
  3641 | D:3      | Noticed Robin
  3650 | D:3      | Killed Robin
  4044 | D:3      | Killed Crazy Yiuf
  4462 | D:4      | Reached skill level 1 in Staves
  4842 | D:4      | Noticed Pikel
  4862 | D:4      | Killed Pikel
  4863 | D:4      | Reached skill level 7 in Earth Magic
  4863 | D:4      | Reached XP level 8. HP: 23/41 MP: 5/11
  5062 | D:4      | Learned a level 4 spell: Petrify
  5090 | D:4      | Found a staircase to the Ecumenical Temple.
  5211 | Temple   | Entered the Ecumenical Temple
  5478 | Temple   | Became a worshipper of Sif Muna the Loreminder
  5565 | D:4      | Reached skill level 1 in Fighting
  5731 | D:4      | Found Uteg Zaiha's Jewellery Emporium.
  6217 | D:5      | Entered Level 5 of the Dungeon
  6286 | D:5      | Reached skill level 8 in Earth Magic
  6454 | D:5      | Found a radiant altar of Vehumet.
  6454 | D:5      | Found a sparkling altar of Nemelex Xobeh.
  6463 | D:5      | Reached XP level 9. HP: 49/49 MP: 6/12
  6645 | D:5      | Reached skill level 5 in Armour
  6734 | D:5      | Reached * piety under Sif Muna
  6899 | D:5      | Identified the +4 robe of Wariness {Int-2 Dex+6}
  7431 | D:6      | Found an opulent altar of Gozag.
  7475 | D:6      | Noticed a gargoyle
  7487 | D:6      | Slain by a gargoyle

Illustrated notes

Levels and vault maps discovered:
D:1:      dpeg_arrival_morbid_curiosity, layout_rooms
D:2:      layout_basic, shapermc_ecumenical_altar_mp_highgroup, uniq_terence
D:3:      layout_loops_ring, serial_shops, nicolae_shop_trees,
          grunt_ministairs_5, uniq_grinder, uniq_crazy_yiuf_cottage, uniq_robin,
          uniq_natasha
D:4:      minmay_inner_zag, layout_basic, minmay_temple_entry_junction,
          serial_shops, kennysheep_little_box, uniq_pikel
D:5:      layout_loops_cross, mainiacjoe_overflow_large_starburst,
          guppyfry_early_orc_mine
D:6:      layout_cave_pods, overflow_temple_1_default,
          gammafunk_temple_overflow_arena, dk_noncrumbling_2
Temple:   minmay_temple_curvy_branch

Skill      XL: |  1  2  3  4  5  6  7  8  9 |
---------------+----------------------------+-----
Maces & Flails | 1 2 3 4 |  4.1
Earth Magic    | 4 5 6 7 8 |  8.0
Conjurations   | 2 3 4 |  4.8
Armour         | 3 4 5 |  5.4
Staves         | 3 4 |  4.6
Fighting       | 2 3 |  3.6
Spellcasting   | 3 |  3.2
Dodging        | |  1.5
Stealth        | |  2.1
Transmutations | |  0.7

Action                   |  1- 3 |  4- 6 |  7- 9 || total
-------------------------+-------+-------+-------++-------
Melee: Mace              |    99 |     8 |    31 ||   138
       Whip              |       |   104 |       ||   104
       Quarterstaff      |       |       |   141 ||   141
 Cast: Sandblast         |    22 |    38 |    60 ||   120
       Stone Arrow       |       |     1 |    24 ||    25
  Use: Scroll            |     8 |       |     1 ||     9
       Potion            |       |     1 |       ||     1
 Stab: Sleeping          |     1 |     2 |       ||     3
Armor: Robe              |    47 |    21 |       ||    68
       Ring mail         |       |    19 |    98 ||   117
Dodge: Dodged            |    78 |    63 |    81 ||   222

Table legend: (Time is in decaauts)
 A = Elapsed time spent in this place.
 B = Non-inter-level travel time spent in this place.
 C = Inter-level travel time spent in this place.
 D = Time resting spent in this place.
 E = Time spent auto-exploring this place.
 F = Levels seen in this place.
 G = Mean time per level.
                   A        B        C        D        E       F      G
               +--------+--------+--------+--------+--------+-----+--------+
         Total |   7530 |   7410 |    120 |   1663 |   4521 |   7 | 1075.7 |
       Dungeon |   7240 |   7141 |     99 |   1663 |   4276 |   6 | 1206.7 |
        Temple |    289 |    268 |     21 |      0 |    245 |   1 |  289.0 |
               +--------+--------+--------+--------+--------+-----+--------+

Top non-repeatable levels by time:
     D:4: 1826 daAuts
     D:3: 1476 daAuts
     D:2: 1425 daAuts
     D:1: 1239 daAuts
     D:5: 1156 daAuts
  Temple: 289 daAuts
     D:6: 116 daAuts
